 Dungeon Crawl Stone Soup version 0.20-a0-950-g92a50c4 (console) character file.

2251754 mobydollar the Conqueror (level 27, 409/409 HPs)
             Began as a Minotaur Berserker on Apr 3, 2017.
             Was a High Priest of Trog.
             Escaped with the Orb
             ... and 4 runes on Apr 4, 2017!
             The game lasted 04:29:27 (83649 turns).

mobydollar the Conqueror (Minotaur Berserker)      Turns: 83649, Time: 04:29:28

Health: 409/409    AC: 56    Str: 39    XL:     27
Magic:  33/33      EV: 24    Int:  6    God:    Trog [*****.]
Gold:   4101       SH:  0    Dex: 19    Spells: 26/26 levels left

rFire    + . .     SeeInvis +   a - +9 executioner's axe (elec)
rCold    + + +     Gourm    .   (shield currently unavailable)
rNeg     + . .     Faith    .   N - +14 crystal plate armour
rPois    +         Spirit   .   g - +2 hat
rElec    +         Reflect  .   v - scarf of the Leaf {rPois rN+ Int+3 SInv}
rCorr    .         Harm     .   y - +1 pair of gloves {archery}
MR       ++...     Clarity  +   K - +2 pair of boots {run}
Stlth    ..........             Z - amulet "Fiodexat" {rPois rC+ Regen+ Str+4 Int+3}
Regen    1.2/turn               O - ring of the Equinox {rElec rC++ Int-2 Dex+4 Stlth-}
MPRegen  0.3/turn               H - ring of protection from fire

@: berserking (expiring), hasted (expiring), very quick
A: retaliatory headbutt, horns 2, slimy green scales 1, clarity, dopey 1,
evolution 1
0: Orb of Zot
}: 4/15 runes: serpentine, barnacled, slimy, silver
a: Berserk, Trog's Hand, Brothers in Arms, Burn Spellbooks, Renounce Religion


You escaped.
You worshipped Trog.
Trog was extremely pleased with you.
You were not hungry.

You visited 12 branches of the dungeon, and saw 58 of its levels.
You visited the Abyss 2 times.
You also visited: Labyrinth, Sewer, Bailey and Desolation.

You collected 8353 gold pieces.
You spent 4252 gold pieces at shops.

Inventory:

Hand Weapons
 a - a +9 executioner's axe of electrocution (weapon)
 b - a +8 antimagic executioner's axe
 c - a +7 triple crossbow of flaming
Missiles
 t - 9 throwing nets (quivered)
 L - 2317 bolts
Armour
 g - a +2 hat (worn)
 v - the scarf of the Leaf (worn) {rPois rN+ Int+3 SInv}
   (You acquired it on level 1 of the Snake Pit)

   It affects your intelligence (+3).
   It protects you from poison.
   It protects you from negative energy.
   It lets you see invisible.
 y - a +1 pair of gloves of archery (worn)
 K - a +2 pair of boots of running (worn)
 N - a +14 crystal plate armour (worn)
Jewellery
 s - the ring of Sovereignty {rPois Str+3 Int+3 Dex+4}
   (You found it on level 5 of the Depths)

   [ring of dexterity]

   It affects your strength (+3).
   It affects your intelligence (+3).
   It affects your dexterity (+4).
   It protects you from poison.
 A - the ring of Qoreat {rC+ AC+4 Stlth+}
   (You found it in the Desolation of Salt)

   [ring of protection]

   It affects your AC (+4).
   It protects you from cold.
   It makes you more stealthy.
 C - a +3 ring of slaying
 D - an uncursed ring of resist corrosion
 H - a ring of protection from fire (right hand)
 M - the ring of Tulips {MR+ AC+5}
   (You found it on level 5 of the Pits of Slime)

   [ring of protection]

   It affects your AC (+5).
   It affects your resistance to hostile enchantments.
 O - the ring of the Equinox (left hand) {rElec rC++ Int-2 Dex+4 Stlth-}
   (You found it on level 4 of the Depths)

   [ring of loudness]

   It affects your intelligence (-2).
   It affects your dexterity (+4).
   It greatly protects you from cold.
   It insulates you from electricity.
   It makes you less stealthy.
 Z - the amulet "Fiodexat" (around neck) {rPois rC+ Regen+ Str+4 Int+3}
   (You acquired it on level 5 of the Pits of Slime)

   [amulet of regeneration]

   It affects your strength (+4).
   It affects your intelligence (+3).
   It protects you from cold.
   It protects you from poison.
   It increases your rate of regeneration.
Wands
 u - a wand of clouds (5/9)
 z - a wand of digging (8/24)
 J - a wand of paralysis (15/24)
 P - a wand of acid (11/15)
Scrolls
 e - a scroll of brand weapon
 h - 42 scrolls of teleportation
 i - 7 scrolls of fog
 l - 8 scrolls of fear
 m - 19 scrolls of remove curse
 w - 5 scrolls of blinking
 E - a scroll of enchant weapon
 I - 6 scrolls of identify
 Q - 3 scrolls of silence
 S - a scroll of summoning
 T - 5 scrolls of magic mapping
Potions
 j - 5 potions of agility
 k - 7 potions of mutation
 o - 13 potions of flight
 p - 3 potions of berserk rage
 q - 3 potions of haste
 r - 3 potions of might
 x - 16 potions of curing
 F - a potion of resistance
 R - 10 potions of invisibility
 V - 12 potions of heal wounds
 X - 5 potions of cancellation
Miscellaneous
 d - a lamp of fire
 n - a phantom mirror
 U - 5 boxes of beasts
 W - a lightning rod (4/4)
 Y - a phial of floods
Comestibles
 f - 14 meat rations


   Skills:
 O Level 27 Fighting
 O Level 27 Axes
 + Level 24.8 Crossbows
 O Level 27 Armour
 + Level 21.8 Dodging
 - Level 11.7 Stealth
 + Level 14.9 Evocations


You had 26 spell levels left.
You didn't know any spells.

Dungeon Overview and Level Annotations

Branches:
Dungeon (15/15)            Temple (1/1) D:7            Lair (6/6) D:8
 Shoals (4/4) Lair:3        Snake (4/4) Lair:3        Slime (5/5) Lair:6
    Orc (2/2) D:12            Elf (3/3) Orc:2        Vaults (5/5) D:14
  Crypt (3/3) Vaults:2       Tomb (0/3) Crypt:3      Depths (5/5) D:15
    Zot (5/5) Depths:5

Altars:
Ashenzari
Cheibriados
Dithmenos
Elyvilon
Fedhas
Gozag
Hepliaklqana
Kikubaaqudgha
Makhleb
Nemelex Xobeh
Okawaru
Qazlal
Ru
Sif Muna
Trog
Uskayaw
Vehumet
Wu Jian
Xom
Yredelemnul
Zin
The Shining One
Beogh
Jiyva

Shops:
D:4 }   D:7 }   D:15 *   Orc:1 !*   Orc:2 }%[?   Elf:2 }   Elf:3 =[?
Snake:3 (*[*[   Snake:4 *   Vaults:1 [   Vaults:3 ?   Vaults:4 ?

Portals:
Hell: Depths:1 Depths:2 Depths:3 Depths:4 Depths:5
Abyss: Depths:3 Depths:4
Pandemonium: Orc:2 Depths:1 Depths:3
Ziggurat: Depths:1
Trove: D:10 (give 8 potions of haste)

Annotations:
D:8 w1 lair
D:14 w2 vault
Shoals:1 exclusion: downstairs
Orc:2 exclusion: downstairs
Elf:2 3 runed doors, exclusion: 3 doors
Crypt:2 Jory
Depths:1 exclusion: downstairs
Depths:2 exclusion: 2 orange crystal statues
Depths:4 exclusion: obsidian statue
Depths:5 w0 zot
Zot:2 exclusion: lightning spire


Innate Abilities, Weirdness & Mutations

You reflexively headbutt those who attack you in melee.
You have a pair of horns on your head.
You are partially covered in slimy green scales. (AC +2)
You possess an exceptional clarity of mind.
You are dopey. (Int -2)
You evolve.


Message History

(V) Vaults (C) Crypt (W) Tomb (U) Depths (H) Hell (Z) Zot
Where to? (* - list waypoints, Enter - D:1 @ (x,y), ? - help)
What level of the Dungeon? (default 1, ? - help)
A shadow imp comes into view.
There is an open gate here.
A shadow imp is nearby!
A shadow imp is nearby!
A shadow imp is nearby!
Unknown command.
A shadow imp is nearby!
Your extra speed is starting to run out.
A red film seems to cover your vision as you go berserk!
You feel yourself moving faster!
You feel mighty!
You feel a lot more hungry.
You chop the shadow imp into pieces!!!!
You kill the shadow imp!
Trog accepts your kill.
You feel a strong urge to attack something.
There is a staircase leading out of the dungeon here.
You have escaped!

.........#.##..♣♣
.........#.##...♣♣
......####.##....♣
...........##....♣♣
.........###......♣
.....###.##.......♣
####.###.#8..8..8.♣
#.....'........♣♣
#######..'......@..♣
#........'........♣♣
##.###...#8..8..8.♣
...#.....##......♣♣
...###.#####.....♣
...# #.# ##...♣♣
...# #.# #...♣ ...#
#.# #...♣ ######.##
#...♣


There were no monsters in sight!

Vanquished Creatures
  the Royal Jelly (Slime:5)
  The ghost of Deviant the Thanatomancer, a legendary DsGl of Qazlal (Zot:5)
  10 ancient liches
  Mara (Depths:2)
  3 orbs of fire (Zot:5)
  Sojobo (Vaults:2)
  The ghost of Placid the Convoker, a master TeCj of Ru (Zot:5)
  Boris (Depths:3)
  Frederick (Depths:5)
  2 Killer Klowns (Zot:5)
  Margery (Crypt:2)
  Bai Suzhen (Elf:2)
  3 curse toes
  13 golden dragons
  A profane servitor (Crypt:3)
  A bone dragon (Crypt:3)
  Jorgrun (Snake:3)
  8 electric golems
  14 tentacled monstrosities
  Asterion (Snake:1)
  6 liches
  4 quicksilver dragons
  26 Orb Guardians
  A titan (Vaults:4)
  2 deep elf master archers (Elf:3)
  A deep elf blademaster (Elf:3)
  2 Executioners
  8 acid blobs (Slime:5)
  5 sphinxes
  10 death cobs
  6 ancient champions
  8 shadow dragons
  Frances (Snake:2)
  3 tentacled starspawn (Abyss:2)
  Agnes (Snake:1)
  2 revenants (Crypt:3)
  6 draconian monks
  13 tengu reavers
  13 storm dragons
  7 nagarajas (Snake:4)
  10 azure jellies
  Ilsuiw (Shoals:4)
  9 fire giants
  8 deep elf sorcerers
  8 draconian knights
  7 draconian scorchers
  18 vault wardens
  4 ghost moths
  Aizul (Snake:4)
  2 orc warlords
  13 frost giants
  3 iron dragons (Vaults:5)
  2 imperial myrmidons (Desolation)
  5 curse skulls
  4 spriggan defenders
  5 ghouls
  10 draconian shifters
  2 angels (Elf:2)
  8 ironheart preservers
  4 deep elf elementalists (Elf:3)
  13 draconian stormcallers
  The ghost of Sharkman1231 the Eclecticist, an adept SpEE of Vehumet (D:14)
  2 war gargoyles
  17 stone giants
  A juggernaut skeleton (Depths:4)
  A reaper (D:14)
  12 draconian annihilators
  6 vampire knights
  An entropy weaver (shapeshifter) (Depths:4)
  21 very ugly things
  10 black draconians
  5 deep elf demonologists
  2 halazid warlocks (Desolation)
  11 green draconians
  Azrael (Snake:1)
  A lorocyproca (D:11)
  Nessos (Lair:6)
  8 deep elf annihilators
  15 yellow draconians
  15 red draconians
  10 spark wasps (Depths:5)
  10 purple draconians
  16 white draconians
  10 merfolk impalers
  7 deep elf high priests
  A minotaur (Lab)
  4 crystal guardians
  16 ettins
  2 eidola (Depths:2)
  8 death oozes (Slime:5)
  2 blizzard demons
  13 jiangshi
  5 ragged hierophants (Desolation)
  4 merfolk javelineers (Shoals:4)
  Josephine (Shoals:1)
  9 deep elf death magi
  A quicksilver dragon skeleton (Depths:2)
  14 great orbs of eyes
  16 ogre magi
  9 fire dragons
  14 naga warriors
  12 rakshasas
  19 yaktaur captains
  5 servants of whispers (Desolation)
  7 peacekeepers (Desolation)
  3 hydras
  29 vault guards
  5 spriggan air magi
  6 ice dragons
  6 merfolk avatars
  3 alligator snapping turtles
  2 catoblepae
  9 death knights
  14 centaur warriors
  60 two-headed ogres
  An alligator (Lair:3)
  4 tengu warriors
  5 vampire magi
  10 deep troll shamans
  A catoblepas (shapeshifter) (Vaults:5)
  15 deep troll earth magi
  5 merfolk aquamancers
  A titan zombie (Depths:1)
  19 dancing weapons
  2 death yaks (Lair:6)
  19 anacondas
  6 orc high priests
  A satyr (Shoals:3)
  14 deep elf knights
  Urug (D:12)
  15 naga sharpshooters
  3 spriggan berserkers
  Nergalle (D:10)
  4 soul eaters
  2 iron trolls (Depths:4)
  10 shock serpents
  2 storm dragon zombies
  14 hell knights
  10 shadow wraiths
  36 skeletal warriors
  A fire crab (shapeshifter) (Depths:1)
  A salamander mystic (Snake:1)
  A spectral anaconda (Depths:2)
  A sixfirhy (Orc:2)
  A shadow demon (Depths:4)
  A golden dragon zombie (Depths:2)
  3 naga ritualists
  A sea snake (shapeshifter) (Vaults:5)
  An unseen horror (D:10)
  A glowing orange brain (shapeshifter) (Vaults:5)
  A gelid demonspawn (Orc:2)
  8 glowing orange brains
  14 sea snakes
  2 death drakes (Depths:2)
  A swamp dragon (shapeshifter) (Depths:4)
  13 flayed ghosts
  8 wizards
  A golden dragon skeleton (Crypt:2)
  40 deep trolls
  15 ironbrand convokers
  21 deep elf archers
  2 tengu zombies
  A sphinx zombie (Depths:4)
  7 phantasmal warriors
  A lindwurm (Lair:6)
  13 harpies
  An orb spider (shapeshifter) (D:15)
  20 manticores
  6 mana vipers
  31 orc knights
  A shadow dragon skeleton (Vaults:5)
  12 fauns
  14 salamanders
  A faun (shapeshifter) (Vaults:3)
  17 necromancers
  2 shining eyes
  5 wolf spiders
  50 deep elf magi
  A stone giant zombie (Vaults:3)
  6 cyclopes
  A salamander (shapeshifter) (Vaults:4)
  9 orc sorcerers
  2 cyclopes (shapeshifter)
  17 moths of wrath
  69 ugly things
  A frost giant zombie (Vaults:3)
  A worldbinder (Abyss:2)
  13 human skeletons (Vaults:3)
  18 elephants
  8 large abominations
  10 merfolk sirens
  An apocalypse crab (Abyss:5)
  A frost giant skeleton (Crypt:3)
  2 rust devils
  An iron dragon skeleton (Crypt:2)
  5 stone giant skeletons
  9 water nymphs
  13 guardian serpents
  28 black mambas
  8 vault sentinels
  A gargoyle (D:12)
  A spriggan zombie (Depths:4)
  A torpor snail (shapeshifter) (Depths:4)
  13 spiny frogs
  23 naga magi
  2 eyes of devastation
  2 molten gargoyles (Desolation)
  3 smoke demons
  2 torpor snails
  Psyche (D:12)
  A rime drake (shapeshifter) (Vaults:2)
  A demonic crawler (Abyss:5)
  5 orange demons
  5 rime drakes
  2 komodo dragons (shapeshifter)
  A spectral merfolk (Depths:2)
  11 freezing wraiths
  A death yak zombie (Crypt:1)
  12 hellwings
  4 kobold demonologists (D:12)
  A purple draconian skeleton (Crypt:2)
  4 komodo dragons
  2 efreet (D:14)
  53 yaktaurs
  3 ice devils
  2 ancient zymes
  2 anaconda simulacra
  9 red devils
  7 tengu conjurers
  3 meliai (D:15)
  15 trolls
  2 meliai (shapeshifter)
  33 merfolk
  A black draconian skeleton (Crypt:2)
  2 yaktaur skeletons
  7 wind drakes
  2 jumping spiders (shapeshifter)
  41 saltlings (Desolation)
  A harpy skeleton (Crypt:1)
  3 polar bears (Lair:6)
  2 sphinx simulacra
  7 snapping turtles
  8 hornets
  2 wind drakes (shapeshifter)
  A tarantella zombie (Crypt:1)
  A wolf spider simulacrum (Crypt:3)
  4 raiju
  2 ice dragon zombies
  12 hippogriffs
  8 blink frogs
  An elf zombie (D:15)
  2 fire dragon zombies
  51 slime creatures
  A stone giant simulacrum (Crypt:1)
  12 dream sheep
  A frost giant simulacrum (Depths:2)
  A tarantella (shapeshifter) (Vaults:3)
  An ettin skeleton (Crypt:1)
  60 flying skulls
  2 redbacks (shapeshifter)
  4 spriggans
  10 shadows
  11 air elementals
  5 vampires
  4 ynoxinuls
  A yak (shapeshifter) (Vaults:5)
  16 water elementals
  2 spriggan skeletons
  2 wyverns
  22 wraiths
  2 humans (shapeshifter)
  The ghost of NictusVictus the Slasher, an amateur DrBe of Trog (D:3)
  5 basilisks
  31 yaks
  Eustachio (D:6)
  7 fire elementals
  A golden eye (Slime:5)
  A hog (shapeshifter) (Depths:5)
  4 hungry ghosts
  3 vampire mosquitoes (D:12)
  7 steam dragons
  A human simulacrum (Vaults:3)
  A chaos spawn (Zot:1)
  57 nagas
  A soldier ant (shapeshifter) (Depths:2)
  A swamp worm (Lair:4)
  2 soldier ants
  2 acid dragons
  The ghost of Psyclone the Stinger, an amateur OpVM of Vehumet (D:5)
  23 wargs
  A hydra simulacrum (Depths:2)
  21 hell hounds
  5 porcupines
  2 spectral spriggans (Depths:2)
  15 water moccasins
  2 floating eyes
  62 orc warriors
  An ettin simulacrum (Depths:1)
  3 spectral trolls (Depths:2)
  6 ice beasts
  9 black bears
  A hornet zombie (D:15)
  5 sky beasts
  A black bear (shapeshifter) (Depths:2)
  8 necrophages
  19 boggarts
  52 ogres
  2 eyes of draining (Slime:5)
  An ogre (shapeshifter) (Depths:2)
  A phantom (D:13)
  A hog zombie (Crypt:1)
  A wolf (shapeshifter) (Vaults:5)
  A blink frog skeleton (Crypt:1)
  31 wolves
  9 small abominations
  36 centaurs
  16 crocodiles
  6 big kobolds
  21 bullfrogs
  An octopode zombie (Crypt:1)
  Blork the orc (D:6)
  A wyvern zombie (D:7)
  3 earth elementals
  4 gnoll sergeants
  A shapeshifter zombie (Crypt:1)
  A cyclops skeleton (Crypt:2)
  6 scorpions
  A snapping turtle simulacrum (Crypt:3)
  25 wights
  3 spectral ogres (Depths:2)
  A spectral naga (Depths:2)
  29 killer bees
  3 spectral centaurs (Depths:2)
  5 electric eels
  A howler monkey (D:7)
  4 centaur zombies
  13 crimson imps
  2 bullfrog zombies
  9 hounds
  3 quasits
  2 bullfrog skeletons
  A gnoll shaman (D:8)
  38 orc priests
  2 centaur skeletons
  2 iguanas
  5 jellies
  31 orc wizards
  3 iron imps
  A black bear skeleton (Crypt:2)
  A hell rat (Lair:6)
  12 worker ants
  A spriggan simulacrum (Depths:2)
  A troll simulacrum (Depths:2)
  A demigod zombie (Crypt:1)
  An ogre skeleton (Crypt:2)
  A big kobold skeleton (Crypt:1)
  A hound zombie (D:9)
  2 hound skeletons (D:9)
  2 howler monkey zombies
  A worker ant zombie (D:6)
  4 howler monkey skeletons
  15 adders
  13 gnolls
  6 shadow imps
  4 white imps (Depths:4)
  An adder zombie (D:6)
  2 adder skeletons
  13 worms
  3 dart slugs
  8 leopard geckos
  151 orcs
  4 ball pythons
  5 giant cockroaches
  15 goblins
  6 hobgoblins
  13 jackals
  4 quokkas
  7 bats
  5 frilled lizards
  26 kobolds
  A leopard gecko zombie (D:6)
  A quokka zombie (D:5)
  8 rats
  A crawling corpse (Depths:3)
  5 fungi
  15 plants
  4 starspawn tentacles (Abyss:2)
  2 tentacles (Shoals:2)
  2 withered plants
3158 creatures vanquished.

Vanquished Creatures (collateral kills)
  Mennas (Crypt:2)
  Saint Roka (Snake:4)
  A nagaraja (Snake:4)
  A fire giant (Depths:3)
  A vault warden (Vaults:2)
  A deep elf sorcerer (Depths:3)
  An ironheart preserver (Vaults:2)
  4 very ugly things
  A deep elf annihilator (Elf:3)
  2 merfolk javelineers (Shoals:4)
  A fire dragon (Depths:2)
  The ghost of GlasyaLabolas the Carver, a journeyman MiMo of Dithmenos (Lair:1)
  A deep elf death mage (Elf:3)
  A great orb of eyes (Depths:1)
  A servant of whispers (Desolation)
  5 hydras
  An ice dragon (Vaults:2)
  An anaconda (Snake:4)
  A satyr (Shoals:2)
  An orc high priest (Orc:2)
  3 naga sharpshooters
  A salamander mystic (Snake:2)
  2 skeletal warriors
  2 ironbrand convokers (Desolation)
  A gelid demonspawn (Orc:2)
  2 naga ritualists (Snake:4)
  4 orc knights
  A harpy (Shoals:4)
  A phantasmal warrior (Crypt:1)
  A deep elf mage (Elf:2)
  A mana viper (Snake:4)
  A wolf spider (Lair:6)
  2 orc sorcerers (Orc:2)
  2 ugly things
  2 elephants (Lair:6)
  A faun (Shoals:2)
  A cyclops (Shoals:4)
  A moth of wrath (Zot:2)
  A guardian serpent (Desolation)
  2 black mambas
  2 naga magi
  A torpor snail (Lair:6)
  A centaur skeleton (D:14)
  A yaktaur (Vaults:2)
  A grey draconian skeleton (Crypt:2)
  A queen bee (Lair:3)
  A saltling (Desolation)
  6 polar bears (Lair:6)
  3 centaurs
  A wind drake (Shoals:2)
  A hornet (shapeshifter) (Depths:2)
  A merfolk (Shoals:4)
  A hippogriff (Lair:3)
  A wraith (D:15)
  5 wargs
  6 nagas
  7 hell hounds
  5 orc warriors
  4 black bears (Lair:6)
  2 wolves (Lair:6)
  A boggart (Depths:1)
  2 crocodiles
  8 killer bees (Lair:3)
  4 orc priests
  4 orcs
130 creatures vanquished.

Vanquished Creatures (others)
  A draconian knight (Zot:2)
  A tengu warrior (D:14)
  A death yak (Lair:6)
  Sonja (D:14)
  A lindwurm (Lair:6)
  2 ugly things
  A manticore (D:14)
  2 moths of wrath (Zot:5)
  2 rime drakes (Lair:6)
  A troll (D:13)
  A slime creature (D:14)
  A hippogriff (Lair:6)
  2 air elementals
  A hungry ghost (D:11)
  A hell hound (Lair:6)
  A water moccasin (Lair:5)
  2 ogres
  3 fungi (Depths:2)
  A lurking horror (Abyss:2)
  34 plants
  4 starspawn tentacles (Abyss:2)
  6 tentacles (Shoals:2)
70 creatures vanquished.

Grand Total: 3358 creatures vanquished

Notes
Turn   | Place    | Note
-------+----------+-------------------------------------------
     0 | D:1      | mobydollar the Minotaur Berserker began the quest for the Orb.
     0 | D:1      | Reached XP level 1. HP: 19/19 MP: 0/0
   431 | D:1      | Reached XP level 2. HP: 26/26 MP: 1/1
  1062 | D:2      | You fall through a shaft!
  1082 | D:3      | Reached skill level 5 in Axes
  1222 | D:3      | Reached XP level 3. HP: 31/31 MP: 2/2
  1226 | D:3      | Reached ** piety under Trog
  1367 | D:3      | Noticed NictusVictus's ghost (amateur DrBe)
  1380 | D:3      | Killed NictusVictus's ghost
  1380 | D:3      | Reached XP level 4. HP: 32/39 MP: 1/3
  1380 | D:3      | Reached XP level 5. HP: 38/45 MP: 1/4
  1735 | D:3      | Found a glowing drain.
  1740 | Sewer    | Entered a sewer
  1933 | Sewer    | Reached XP level 6. HP: 50/51 MP: 5/5
  2575 | D:3      | Reached *** piety under Trog
  3106 | D:2      | Reached XP level 7. HP: 57/57 MP: 6/6
  3796 | D:4      | Found Funela's Gadget Emporium.
  3869 | D:4      | Reached skill level 10 in Axes
  4015 | D:4      | Reached **** piety under Trog
  4187 | D:5      | Entered Level 5 of the Dungeon
  4344 | D:5      | Found a bloodstained altar of Trog.
  4344 | D:5      | Found a sacrificial altar of Ru.
  4345 | D:5      | Found a radiant altar of Vehumet.
  4877 | D:5      | Reached XP level 8. HP: 59/64 MP: 5/7
  4977 | D:5      | Noticed Psyclone's ghost (amateur OpVM)
  4999 | D:5      | Killed Psyclone's ghost
  5491 | D:6      | Found a stormy altar of Qazlal.
  6021 | D:6      | Found a burning altar of Makhleb.
  6411 | D:6      | Reached XP level 9. HP: 70/70 MP: 8/8
  6442 | D:6      | Noticed Eustachio
  6444 | D:6      | Noticed Blork the orc
  6470 | D:6      | Killed Eustachio
  6471 | D:6      | Killed Blork the orc
  6878 | D:6      | Reached ***** piety under Trog
  7153 | D:7      | Reached skill level 15 in Axes
  7181 | D:7      | Found a staircase to the Ecumenical Temple.
  7187 | D:7      | Found Suegir's Gadget Shop.
  7192 | Temple   | Entered the Ecumenical Temple
  7379 | D:7      | Found a snail-covered altar of Cheibriados.
  7544 | D:7      | Reached skill level 5 in Fighting
  7545 | D:7      | Found a snail-covered altar of Cheibriados.
  8360 | D:8      | Noticed a two-headed ogre
  8365 | D:8      | Reached XP level 10. HP: 83/83 MP: 9/9
  8374 | D:8      | Killed a two-headed ogre
  8537 | D:8      | Received a gift from Trog
  8589 | D:8      | Reached skill level 1 in Evocations
  8708 | D:8      | Found a staircase to the Lair.
  9521 | D:9      | Reached skill level 5 in Armour
  9544 | D:9      | Noticed a two-headed ogre
  9555 | D:9      | Killed a two-headed ogre
  9555 | D:9      | Reached XP level 11. HP: 96/96 MP: 9/12
 10358 | D:10     | Entered Level 10 of the Dungeon
 10367 | D:10     | Found a hazy altar of Hepliaklqana.
 10452 | D:10     | Reached skill level 10 in Fighting
 10485 | D:10     | Received a gift from Trog
 10507 | D:10     | Reached skill level 5 in Evocations
 10759 | D:10     | Found a flagged portal.
 10773 | Bailey   | Entered a bailey
 11318 | Bailey   | Reached ****** piety under Trog
 11668 | Bailey   | Received a gift from Trog
 11917 | D:10     | Noticed a two-headed ogre
 11924 | D:10     | Killed a two-headed ogre
 12031 | D:10     | Noticed Nergalle
 12039 | D:10     | Killed Nergalle
 12192 | D:10     | Noticed a vault guard
 12198 | D:10     | Killed a vault guard
 12202 | D:10     | Found a portal to a secret trove of treasure.
 12206 | D:10     | doubtful i'll open this
 12666 | D:10     | Killed an unseen horror
 12666 | D:10     | Reached XP level 12. HP: 94/111 MP: 13/15
 12917 | D:10     | Identified a scroll of acquirement
 12924 | D:10     | Identified a +0 pair of boots of running (You acquired it on level 10 of the Dungeon)
 12924 | D:10     | Nice!
 13010 | Lair:1   | Entered Level 1 of the Lair of Beasts
 13010 | Lair:1   | Noticed GlasyaLabolas's ghost (journeyman MiMo)
 13017 | Lair:1   | Killed GlasyaLabolas's ghost
 14804 | Lair:2   | Noticed a five-headed hydra
 14808 | Lair:2   | Killed a six-headed hydra
 14950 | Lair:3   | Reached skill level 10 in Armour
 14963 | Lair:3   | Found a staircase to the Snake Pit.
 15182 | Lair:3   | Noticed an alligator
 15195 | Lair:3   | Killed an alligator
 15256 | Lair:3   | Found a staircase to the Shoals.
 15845 | Lair:3   | Noticed a six-headed hydra
 15849 | Lair:3   | Killed a five-headed hydra
 15849 | Lair:3   | Reached XP level 13. HP: 113/123 MP: 14/16
 16057 | Lair:3   | thanks trog
 16123 | Lair:4   | Found a labyrinth entrance.
 16164 | Lab      | Entered a labyrinth
 16522 | Lab      | Noticed a minotaur
 16527 | Lab      | Killed a minotaur
 17935 | Lair:5   | Received a gift from Trog
 18211 | Lair:6   | Entered Level 6 of the Lair of Beasts
 18214 | Lair:6   | Found a viscous altar of Jiyva.
 18214 | Lair:6   | Found a staircase to the Slime Pits.
 18879 | Lair:6   | Reached skill level 15 in Fighting
 19394 | Lair:6   | Reached XP level 14. HP: 134/134 MP: 11/17
 19768 | Lair:6   | Received a gift from Trog
 20137 | Lair:6   | Got an obsidian-encrusted chain mail
 20392 | D:11     | Got a twisted chain mail
 20726 | D:11     | Identified the +4 chain mail of the Komtur {rC+ Int-5 Dex+3} (You found it on level 11 of the Dungeon)
 21173 | D:8      | Identified the +8 chain mail of Lilacs {rPois rF+} (You found it on level 6 of the Lair of Beasts)
 21303 | D:12     | Noticed Urug
 21401 | D:12     | Found a staircase to the Orcish Mines.
 21473 | D:12     | Killed Urug
 21613 | D:12     | Noticed Psyche
 21619 | D:12     | Killed Psyche
 21885 | D:12     | Received a gift from Trog
 23246 | D:14     | Found a gate to the Vaults.
 23295 | D:14     | Found a shadowy altar of Dithmenos.
 23361 | D:14     | Noticed Sharkman1231's ghost (adept SpEE)
 23369 | D:14     | Killed Sharkman1231's ghost
 23555 | D:14     | Found a sacrificial altar of Ru.
 23623 | D:14     | Noticed Sonja
 23631 | D:14     | Your ally died
 24110 | D:14     | Reached XP level 15. HP: 117/146 MP: 14/18
 24697 | Orc:1    | Entered Level 1 of the Orcish Mines
 24702 | Orc:1    | Found Cihapesch's Assorted Antiques.
 24735 | Orc:1    | Bought a scroll of identify for 52 gold pieces
 24735 | Orc:1    | Bought a scroll labeled ZIQIAX JOBUY for 26 gold pieces
 24735 | Orc:1    | Bought a scroll of teleportation for 78 gold pieces
 24737 | Orc:1    | yes!
 24818 | Orc:1    | Found Luroaryn's Distillery.
 24824 | Orc:1    | Bought 2 potions of curing for 78 gold pieces
 24912 | Orc:2    | Entered Level 2 of the Orcish Mines
 24912 | Orc:2    | Found a staircase to the Elven Halls.
 24916 | Orc:2    | Received a gift from Trog
 25412 | Orc:2    | Found a roughly hewn altar of Beogh.
 25732 | Orc:2    | Found Icuirak's Food Shop.
 25740 | Orc:2    | Found Unuimpofu's Magic Scroll Boutique.
 26064 | Orc:2    | Bought a scroll of enchant weapon for 90 gold pieces
 26064 | Orc:2    | Bought a scroll of enchant weapon for 90 gold pieces
 26064 | Orc:2    | Bought a scroll of teleportation for 36 gold pieces
 26064 | Orc:2    | Bought a scroll of teleportation for 36 gold pieces
 26064 | Orc:2    | Bought a scroll of identify for 24 gold pieces
 26064 | Orc:2    | Bought a scroll of identify for 24 gold pieces
 26064 | Orc:2    | Bought a scroll of identify for 24 gold pieces
 26064 | Orc:2    | Bought a scroll of magic mapping for 42 gold pieces
 26064 | Orc:2    | Bought a scroll of magic mapping for 42 gold pieces
 26096 | Orc:2    | Found Xashesel's Antique Armour Shoppe.
 26096 | Orc:2    | Found Egoiso Vota's Gadget Emporium.
 26096 | Orc:2    | Found a one-way gate leading to the halls of Pandemonium.
 26348 | D:8      | Got an ichor-stained buckler
 26533 | Snake:1  | Entered Level 1 of the Snake Pit
 26553 | Snake:1  | Got a heavily runed scarf
 26564 | Snake:1  | Identified the scarf of the Leaf {rPois rN+ Int+3 SInv} (You acquired it on level 1 of the Snake Pit)
 26612 | Snake:1  | Received a gift from Trog
 26942 | Snake:1  | Noticed Agnes
 26949 | Snake:1  | Killed Agnes
 27023 | Snake:1  | Noticed Azrael
 27039 | Snake:1  | Killed Azrael
 27570 | Snake:1  | Noticed Asterion
 27577 | Snake:1  | Killed Asterion
 28724 | Snake:2  | Reached XP level 16. HP: 130/156 MP: 15/19
 29676 | Snake:2  | Noticed Frances
 29685 | Snake:2  | Killed Frances
 30051 | Snake:3  | Found Zeixus's Armour Shop.
 30735 | Snake:3  | Found Aqaf's Armour Shop.
 30766 | Snake:3  | Found Paerph's Assorted Antiques.
 30774 | Snake:3  | Bought a scroll of magic mapping for 140 gold pieces
 30840 | Snake:3  | Reached skill level 15 in Armour
 30897 | Snake:3  | Found Danoprae's General Store.
 30906 | Snake:3  | Bought a scroll of identify for 20 gold pieces
 30906 | Snake:3  | Bought 3 scrolls of identify for 60 gold pieces
 30906 | Snake:3  | Bought a potion of curing for 30 gold pieces
 30906 | Snake:3  | Bought a scroll of magic mapping for 35 gold pieces
 30929 | Snake:3  | Found Jarhiub's Antique Weapon Boutique.
 31026 | Snake:3  | Bought an executioner's axe for 300 gold pieces
 31190 | Snake:3  | Noticed Jorgrun
 31214 | Snake:3  | Killed Jorgrun
 31249 | Snake:3  | Received a gift from Trog
 32628 | Orc:2    | Bought a scroll of brand weapon for 240 gold pieces
 32928 | Shoals:1 | Entered Level 1 of the Shoals
 33447 | Shoals:1 | Noticed Josephine
 33462 | Shoals:1 | Killed Josephine
 34456 | Shoals:2 | Noticed a kraken
 34598 | Shoals:2 | Reached XP level 17. HP: 141/167 MP: 17/20
 35030 | Shoals:2 | Received a gift from Trog
 36758 | Shoals:4 | Entered Level 4 of the Shoals
 36796 | Shoals:4 | Noticed Ilsuiw
 36823 | Shoals:4 | Killed Ilsuiw
 36900 | Shoals:4 | nice
 37811 | Shoals:4 | Got a barnacled rune of Zot
 38531 | Shoals:4 | Reached XP level 18. HP: 172/178 MP: 19/21
 38847 | Snake:4  | Entered Level 4 of the Snake Pit
 39101 | Snake:4  | Noticed Saint Roka
 39114 | Snake:4  | Killed Saint Roka
 39262 | Snake:4  | Found Hibar's Assorted Antiques.
 39268 | Snake:4  | Bought a scroll of teleportation for 78 gold pieces
 39268 | Snake:4  | Bought a scroll of fog for 52 gold pieces
 39268 | Snake:4  | Bought a scroll of magic mapping for 91 gold pieces
 39268 | Snake:4  | Bought a golden ring for 130 gold pieces
 39993 | Snake:4  | Reached skill level 5 in Dodging
 40338 | Snake:4  | Noticed Aizul
 40347 | Snake:4  | Killed Aizul
 40549 | Snake:4  | Received a gift from Trog
 40740 | Snake:4  | Reached skill level 1 in Crossbows
 41089 | Snake:4  | Got a serpentine rune of Zot
 41648 | Vaults:1 | Entered Level 1 of the Vaults
 41937 | Vaults:1 | Noticed a lich
 41984 | Vaults:1 | Reached skill level 1 in Stealth
 42173 | Vaults:1 | Killed a lich
 42173 | Vaults:1 | Reached XP level 19. HP: 188/188 MP: 22/22
 42177 | Vaults:1 | Received a gift from Trog
 42711 | Vaults:1 | Found Haabb's Antique Armour Boutique.
 42733 | Vaults:1 | Bought a pitted cloak for 294 gold pieces
 42733 | Vaults:1 | Identified the +5 cloak of Gestures {Stlth+} (You bought it in a shop on level 1 of the Vaults)
 42873 | Vaults:1 | Cast into level 2 of the Abyss (a wizard)
 43050 | Abyss:2  | Received a gift from Trog
 43171 | Abyss:2  | Found a corrupted altar of Lugonu.
 43318 | Vaults:1 | Escaped the Abyss
 43322 | Vaults:1 | Reached skill level 10 in Dodging
 43323 | Vaults:1 | Received a gift from Trog
 44249 | Vaults:2 | Noticed Sojobo
 44703 | Vaults:2 | Received a gift from Trog
 44937 | Vaults:2 | Killed Sojobo
 44937 | Vaults:2 | Reached skill level 5 in Stealth
 45462 | Vaults:2 | Reached XP level 20. HP: 185/198 MP: 21/23
 45722 | Vaults:2 | Found a staircase to the Crypt.
 46218 | Vaults:3 | Found an ancient bone altar of Kikubaaqudgha.
 46275 | Vaults:3 | Received a gift from Trog
 46677 | Vaults:3 | Received a gift from Trog
 47270 | Vaults:3 | Received a gift from Trog
 47290 | Vaults:3 | Found a roughly hewn altar of Beogh.
 47484 | Vaults:3 | Found Delef's Magic Scroll Emporium.
 47486 | Vaults:3 | Received a gift from Trog
 47505 | Vaults:3 | Bought 2 scrolls of teleportation for 126 gold pieces
 47505 | Vaults:3 | Bought a scroll of identify for 42 gold pieces
 47505 | Vaults:3 | Bought a scroll of summoning for 199 gold pieces
 47645 | Vaults:3 | Received a gift from Trog
 48151 | Vaults:4 | Received a gift from Trog
 48828 | Vaults:4 | Reached XP level 21. HP: 204/207 MP: 24/24
 48848 | Vaults:4 | Received a gift from Trog
 49239 | Vaults:4 | Found Mevan's Magic Scroll Emporium.
 49249 | Vaults:4 | Bought a scroll of teleportation for 57 gold pieces
 49249 | Vaults:4 | Bought a scroll of teleportation for 57 gold pieces
 49249 | Vaults:4 | Bought a scroll of identify for 38 gold pieces
 49491 | Vaults:4 | Reached skill level 15 in Dodging
 49716 | Crypt:1  | Entered Level 1 of the Crypt
 49919 | Crypt:1  | Received a gift from Trog
 50862 | Crypt:2  | Noticed Mennas
 50922 | Crypt:2  | Killed Mennas
 51325 | Crypt:2  | Noticed Margery
 51345 | Crypt:2  | Noticed Jory
 51349 | Crypt:2  | Killed Margery
 52112 | Crypt:2  | Received a gift from Trog
 52287 | Crypt:3  | Entered Level 3 of the Crypt
 52442 | Crypt:3  | Received a gift from Trog
 52443 | Crypt:3  | Got an iridescent battleaxe {god gift}
 52444 | Crypt:3  | Identified the +6 battleaxe "Feaseus" {holy, +Inv rN+} (Trog gifted it to you on level 3 of the Crypt)
 52691 | Crypt:3  | Found a basalt altar of Yredelemnul.
 53146 | Crypt:3  | Reached XP level 22. HP: 220/220 MP: 25/25
 53886 | Crypt:3  | Received a gift from Trog
 54071 | Crypt:3  | Received a gift from Trog
 54084 | Crypt:3  | Found a staircase to the Tomb.
 54736 | D:15     | Entered Level 15 of the Dungeon
 54843 | D:15     | Found Bots's General Store.
 54851 | D:15     | Bought a scroll of identify for 26 gold pieces
 54851 | D:15     | Bought a scroll of identify for 26 gold pieces
 54851 | D:15     | Bought a scroll of fog for 26 gold pieces
 54851 | D:15     | Bought a meat ration for 65 gold pieces
 55003 | D:15     | Found a roughly hewn altar of Beogh.
 55150 | D:15     | Received a gift from Trog
 55363 | D:15     | Found a staircase to the Depths.
 55876 | Depths:1 | Entered Level 1 of the Depths
 55891 | Depths:1 | Found a shattered altar of Ashenzari.
 55959 | D:15     | Received a gift from Trog
 56339 | Depths:1 | Reached skill level 10 in Stealth
 56400 | Depths:1 | Received a gift from Trog
 56401 | Depths:1 | Identified the +2 arbalest "Keruxzex" {flame, *Drain Str+2 Dex+2 Stlth+} (Trog gifted it to you on level 1 of the Depths)
 56453 | Depths:1 | Found a gateway to Hell.
 56475 | Depths:1 | Noticed Mara
 56523 | Depths:1 | Found a gateway to a ziggurat.
 56733 | Depths:1 | Reached XP level 23. HP: 229/229 MP: 26/26
 56906 | Depths:1 | Noticed mobydollar's illusion
 56987 | Depths:2 | Received a gift from Trog
 57411 | Depths:3 | Found a one-way gate to the infinite horrors of the Abyss.
 57846 | Depths:1 | Noticed mobydollar's illusion
 57849 | Depths:2 | Noticed mobydollar's illusion
 58321 | Depths:2 | Killed Mara
 58595 | Depths:3 | Received a gift from Trog
 58878 | Depths:3 | Paralysed by a floating eye for 3 turns
 58886 | Depths:3 | Noticed Boris
 58923 | Depths:3 | Paralysed by a floating eye for 4 turns
 58997 | Depths:3 | Killed Boris
 59295 | Depths:2 | Noticed an ancient lich
 59299 | Depths:2 | Killed an ancient lich
 59651 | Depths:2 | Received a gift from Trog
 60291 | Depths:2 | Reached XP level 24. HP: 243/243 MP: 26/26
 60372 | Depths:2 | Paralysed by a floating eye for 3 turns
 60615 | Depths:2 | Received a gift from Trog
 61237 | Depths:3 | Paralysed by a floating eye for 3 turns
 62073 | D:14     | Reached XP level 25. HP: 253/253 MP: 26/26
 62257 | Elf:1    | Entered Level 1 of the Elven Halls
 62262 | Elf:1    | Received a gift from Trog
 62601 | Elf:1    | Got a translucent iron ring
 62602 | Elf:1    | Identified the ring "Plog" {+Blink rPois Dex+4} (You acquired it on level 1 of the Elven Halls)
 62616 | Elf:1    | Received a gift from Trog
 62660 | Elf:1    | Reached skill level 5 in Crossbows
 63129 | Elf:1    | Found a deep blue altar of Sif Muna.
 63385 | Elf:2    | Found a white marble altar of Elyvilon.
 63393 | Elf:2    | Found a glowing golden altar of the Shining One.
 63393 | Elf:2    | Found a ruined gateway.
 63393 | Elf:2    | Found a glowing silver altar of Zin.
 63431 | Desolati | Entered the Desolation of Salt
 63522 | Desolati | Received a gift from Trog
 63842 | Desolati | Received a gift from Trog
 63856 | Desolati | Got a twitching lapis lazuli ring
 63861 | Desolati | Got a steaming lapis lazuli ring
 63863 | Desolati | Identified the ring of Qoreat {rC+ AC+4 Stlth+} (You found it in the Desolation of Salt)
 63864 | Desolati | Identified the ring of Kaompat {rN+ Str+3} (You found it in the Desolation of Salt)
 64370 | Elf:2    | Found Yqa Maotza's Quality Used Wands.
 65124 | Elf:2    | Found a runed gate.
 65124 | Elf:2    | Found a runed gate.
 65125 | Elf:2    | Found a runed gate.
 65200 | Elf:3    | Entered Level 3 of the Elven Halls
 65225 | Elf:3    | Received a gift from Trog
 65370 | Elf:3    | Found Valluurph's Jewellery Shop.
 65582 | Elf:3    | Got a faintly glowing platinum amulet
 65585 | Elf:3    | Identified the amulet "Peydghih" {Spirit rPois rF- MR++ SInv} (You found it on level 3 of the Elven Halls)
 65690 | Elf:3    | Found Zoille's Magic Scroll Emporium.
 65698 | Elf:3    | Found Perhoz's Armour Shop.
 65776 | Elf:3    | Noticed Bai Suzhen
 65820 | Elf:2    | Killed Bai Suzhen
 66084 | Elf:3    | Reached XP level 26. HP: 259/264 MP: 26/26
 66131 | Elf:3    | Bought a scroll of teleportation for 63 gold pieces
 66131 | Elf:3    | Bought a scroll of fear for 73 gold pieces
 66131 | Elf:3    | Bought a scroll of enchant armour for 157 gold pieces
 66143 | Elf:3    | Received a gift from Trog
 66206 | Elf:3    | Reached skill level 27 in Fighting
 66619 | Elf:3    | Received a gift from Trog
 66728 | Elf:3    | Got a brightly glowing granite ring
 66731 | Elf:3    | Got a flickering platinum amulet
 66740 | Elf:3    | Identified the ring of Ulaotae {-Tele rElec rPois Str+2 Dex+8} (You took it off a deep elf death mage on level 3 of the Elven Halls)
 66741 | Elf:3    | Identified the amulet "Kaqej" {Faith Dex+4} (You took it off a deep elf mage on level 3 of the Elven Halls)
 66809 | Elf:3    | Identified the cursed +0 plate armour "Furph" {rF++} (You took it off a deep elf master archer on level 3 of the Elven Halls)
 67199 | D:14     | Upgraded the game from 0.20-a0-947-g2784f4f to 0.20-a0-950-g92a50c4
 68064 | Snake:3  | Bought 2 scrolls of enchant armour for 600 gold pieces
 68066 | Snake:3  | Bought a scroll of enchant weapon for 300 gold pieces
 68203 | Slime:1  | Entered Level 1 of the Pits of Slime
 68327 | Slime:5  | Entered Level 5 of the Pits of Slime
 68390 | Slime:5  | Noticed the Royal Jelly
 68411 | Slime:5  | Killed the Royal Jelly
 68835 | Slime:4  | Received a gift from Trog
 68912 | Slime:5  | Reached skill level 27 in Armour
 68916 | Slime:5  | Reached skill level 10 in Crossbows
 69113 | Slime:5  | Got a slimy rune of Zot
 69161 | Slime:5  | Got a faintly glowing amber ring
 69206 | Slime:5  | Identified the ring "Vullem" {rElec Str+4 Stlth+} (You found it on level 5 of the Pits of Slime)
 69322 | Slime:5  | Got a bound silver ring
 69330 | Slime:5  | Identified the ring of Tulips {MR+ AC+5} (You found it on level 5 of the Pits of Slime)
 69533 | Slime:5  | Identified the amulet "Fiodexat" {rPois rC+ Regen+ Str+4 Int+3} (You acquired it on level 5 of the Pits of Slime)
 69624 | Lair:6   | Noticed Nessos
 69641 | Lair:6   | Killed Nessos
 70579 | Depths:4 | Received a gift from Trog
 70644 | Depths:4 | Got a warped ivory amulet
 70647 | Depths:4 | Identified the Papyrus of Clay and Lightness
 70670 | Depths:4 | Identified the amulet of Elyvilon's Castigation {Faith Dex+2} (You found it on level 4 of the Depths)
 70758 | Depths:4 | Received a gift from Trog
 70970 | Depths:4 | Received a gift from Trog
 71032 | Depths:4 | Reached skill level 15 in Crossbows
 71113 | Depths:4 | Reached XP level 27. HP: 273/273 MP: 26/26
 71161 | Depths:4 | Got a sparkling steel ring
 71550 | Depths:5 | Entered Level 5 of the Depths
 71554 | Depths:5 | Noticed Frederick
 71559 | Depths:5 | Killed Frederick
 71726 | Depths:5 | Received a gift from Trog
 72000 | D:14     | Identified the ring of the Equinox {rElec rC++ Int-2 Dex+4 Stlth-} (You found it on level 4 of the Depths)
 72700 | Snake:3  | Bought a slimy arbalest for 285 gold pieces
 72700 | Snake:3  | Identified the +6 arbalest of Innohit {elec, rC+ Dex+7} (You bought it in a shop on level 3 of the Snake Pit)
 73079 | Vaults:5 | Entered Level 5 of the Vaults
 73133 | Vaults:5 | Noticed an ancient lich
 73146 | Vaults:5 | Killed an ancient lich
 73322 | Vaults:5 | Received a gift from Trog
 73769 | Vaults:5 | Received a gift from Trog
 74068 | Vaults:5 | Received a gift from Trog
 74201 | Vaults:5 | Noticed an ancient lich
 74213 | Vaults:5 | Killed an ancient lich
 74435 | Vaults:5 | Noticed an ancient lich
 74447 | Vaults:5 | Killed an ancient lich
 74511 | Vaults:5 | Received a gift from Trog
 74863 | Vaults:5 | Identified the -4 pair of boots "Pyezit" {rF+} (You acquired it on level 5 of the Vaults)
 74967 | Vaults:5 | Identified the Tome of Floating Self-Improvement
 75088 | Vaults:5 | Got a silver rune of Zot
 75643 | Depths:5 | Received a gift from Trog
 75698 | Depths:5 | Identified the ring of Sovereignty {rPois Str+3 Int+3 Dex+4} (You found it on level 5 of the Depths)
 76129 | Depths:5 | Found a gate to the Realm of Zot.
 76653 | Depths:5 | Received a gift from Trog
 76704 | Zot:1    | Entered Level 1 of the Realm of Zot
 77029 | Zot:1    | Reached skill level 27 in Axes
 77100 | Zot:1    | Received a gift from Trog
 78741 | Zot:2    | that was super annoying
 78800 | Zot:3    | Reached skill level 10 in Evocations
 78948 | Zot:3    | Received a gift from Trog
 79217 | Zot:4    | Received a gift from Trog
 79452 | Zot:5    | Entered Level 5 of the Realm of Zot
 79502 | Zot:5    | Noticed Placid's ghost (master TeCj)
 79505 | Zot:5    | lol
 79506 | Zot:5    | Noticed an ancient lich
 79506 | Zot:5    | Cast into level 5 of the Abyss (an ancient lich)
 79506 | Abyss:5  | Entered Level 5 of the Abyss
 79506 | Abyss:5  | Found a corrupted altar of Lugonu.
 79507 | Abyss:5  | not lol
 79580 | Zot:5    | Escaped the Abyss
 79590 | Zot:5    | Killed an ancient lich
 79836 | Zot:5    | Noticed an ancient lich
 80002 | Zot:4    | Received a gift from Trog
 80562 | Zot:5    | Killed Placid's ghost
 80592 | Zot:5    | Killed an ancient lich
 80622 | Zot:5    | Noticed an ancient lich
 80653 | Zot:5    | Killed an ancient lich
 80676 | Zot:4    | Gained mutation: Your mind is acute. (Int +2) [potion of mutation]
 80676 | Zot:4    | Gained mutation: Potions are less effective at restoring your health. [potion of mutation]
 80676 | Zot:4    | Gained mutation: Scrolls take you a little longer to read. [potion of mutation]
 80676 | Zot:4    | Gained mutation: You have large cloven feet. [potion of mutation]
 80677 | Zot:4    | Lost mutation: Scrolls take you a little longer to read. [potion of mutation]
 80677 | Zot:4    | Lost mutation: You have large cloven feet. [potion of mutation]
 80677 | Zot:4    | Gained mutation: Scrolls take you a little longer to read. [potion of mutation]
 80677 | Zot:4    | Gained mutation: You are surrounded by a mild repulsion field. (EV +2) [potion of mutation]
 80677 | Zot:4    | Gained mutation: You are partially covered in slimy green scales. (AC +2) [potion of mutation]
 80678 | Zot:4    | Lost mutation: Your mind is acute. (Int +2) [potion of mutation]
 80678 | Zot:4    | Lost mutation: Scrolls take you a little longer to read. [potion of mutation]
 80678 | Zot:4    | Lost mutation: Potions are less effective at restoring your health. [potion of mutation]
 80678 | Zot:4    | Lost mutation: You are surrounded by a mild repulsion field. (EV +2) [potion of mutation]
 80678 | Zot:4    | Gained mutation: You are frail. (-10% HP) [potion of mutation]
 80678 | Zot:4    | Gained mutation: You possess an exceptional clarity of mind. [potion of mutation]
 80678 | Zot:4    | Gained mutation: You evolve. [potion of mutation]
 80923 | Zot:5    | Noticed an ancient lich
 80945 | Zot:5    | Killed an ancient lich
 81052 | Zot:5    | Noticed an ancient lich
 81068 | Zot:5    | Killed an ancient lich
 81145 | Zot:5    | Received a gift from Trog
 81297 | Zot:5    | Noticed an orb of fire
 81310 | Zot:5    | Killed an orb of fire
 81813 | Zot:5    | Noticed an ancient lich
 81832 | Zot:5    | Killed an ancient lich
 81879 | Zot:5    | Noticed an orb of fire
 81890 | Zot:5    | Killed an orb of fire
 82072 | Zot:5    | Noticed Deviant's ghost (legendary DsGl)
 82075 | Zot:5    | wtf these ghosts
 82091 | Zot:5    | Killed Deviant's ghost
 82091 | Zot:5    | Received a gift from Trog
 82262 | Zot:5    | not going this way then
 82419 | Zot:5    | Noticed an orb of fire
 82430 | Zot:5    | Gained mutation: You are dopey. (Int -2) [an orb of fire]
 82433 | Zot:5    | Killed an orb of fire
 82457 | Zot:5    | Received a gift from Trog
 82508 | Zot:5    | Lost mutation: You are dopey. (Int -2) [potion of mutation]
 82508 | Zot:5    | Lost mutation: You are frail. (-10% HP) [potion of mutation]
 82508 | Zot:5    | Gained mutation: You are dopey. (Int -2) [potion of mutation]
 82752 | Zot:5    | Got the Orb of Zot
 83199 | D:14     | Noticed Ovaoh the pandemonium lord
 83421 | D:10     | Noticed Bucih the pandemonium lord
 83649 | D:$      | Escaped with the Orb!

Vault maps used:
D:1:      kennysheep_arrival_forest
D:3:      portal_sewer_entry_e
D:4:      serial_shops, shop
D:5:      gammafunk_temple_overflow_forgotten, first_bread,
          kennysheep_generic_room_4
D:6:      makhleb_grotto_becter, grunt_qazlal_sundering, sword_in_stone
D:7:      kennysheep_mini_moat, minmay_temple_entry_glass, basic_altar,
          serial_shops, nicolae_shop_crystal
D:8:      erik_lair_island
D:9:      hangedman_abyss_or_decor_passed
D:10:     enter_trove_5, basic_altar, enter_bailey_3, uniq_nergalle
D:11:     the_bakery, hangedman_glass_teeth
D:12:     orc_0_dummy, uniq_psyche, uniq_urug
D:13:     kennysheep_generic_room_3
D:14:     david_vaults_5, basic_altar, lemuel_doored_altar, nicolae_wwwww,
          minmay_hollow_rounded_squares, uniq_sonja
D:15:     gammafunk_depths_entry_grave, serial_shops, shop,
          minmay_misc_feat_nine_boxes, special_room
Temple:   eino_temple_rhombus
Lair:1:   statuecave_lemuel, grunt_megastairs_3
Lair:3:   minmay_shoals_entry_beasts, guppyfry_snake_entry_island, st_stairs_13,
          minivault_26
Lair:4:   lab_entry_generic, worms_lemuel, lemuel_fruit_tree, grunt_megastairs_1
Lair:6:   hangedman_lair_caniforms_friends, hangedman_lair_in_review,
          slime_altar_1, uniq_nessos
Shoals:1: uniq_josephine
Shoals:2: nicolae_shoals_siren_and_animal_friends
Shoals:3: argonaut_gorgonesque
Shoals:4: shoals_end_hangedman, shoals_ilsuiw_alternative,
          nicolae_shoals_drake_roost
Snake:1:  nicolae_snake_biting_tails, nicolae_snake_linked_coils, uniq_agnes,
          uniq_azrael, uniq_asterion
Snake:2:  uniq_frances
Snake:3:  serial_shops, shop, shop, nicolae_shop_crystal, nicolae_shop_stone,
          nicolae_shop_behind_doors, uniq_jorgrun
Snake:4:  grunt_snake_rune_serpentine_throne, serial_shops,
          nicolae_shop_temple_entry_statues_fountains, uniq_saint_roka,
          uniq_aizul
Orc:1:    serial_shops, shop, shop, shop, shop, nicolae_shop_trees
Orc:2:    pf_orc_diabolical, basic_altar, mines5_lemuel
Elf:1:    basic_altar, hangedman_elf_disciples
Elf:2:    portal_desolation_entry_holy_temple, minivault_25,
          nicolae_for_you_no_charge
Elf:3:    minmay_elf_hall_statues, serial_shops, shop,
          nicolae_shop_competitors_out_of_business, shop, fountainhead,
          kennysheep_underground_church, uniq_bai_suzhen
Vaults:1: v_misc_25, dpeg_vaults_waves, grunt_vaults_twisty, vaults_dpeg_hooks,
          ontoclasm_vaults_pinch, vaults_room_stairs_pillars, serial_shops, shop
Vaults:2: v_misc_24, minmay_crypt_entry_simple_corners,
          vaults_room_stairs_pillars, nicolae_vaults_windows_and_doors_thing,
          nicolae_vaults_network_periphery, hangedman_vaults_cutoff,
          vaults_room_pool, uniq_sojobo
Vaults:3: v_misc_30, dpeg_vaults_monster_row, vaults_mumra_chevron_long,
          v_misc_12, v_alt_pattern_4, nicolae_vaults_network_s, v_misc_12,
          nicolae_vaults_angled_halls, nicolae_vaults_twisting_passages,
          special_room_vaults, nicolae_vaults_little_squares_1,
          nicolae_vaults_little_squares_4, vaults_room_semicircle, basic_altar,
          serial_shops, shop
Vaults:4: v_pattern_5, nicolae_vaults_diagonal_hallway_7,
          ontoclasm_vaults_shout, nicolae_vaults_big_angled_halls,
          nicolae_vaults_ninety_degrees, v_alt_pattern_4,
          ontoclasm_vaults_bender, v_misc_9, hangedman_vaults_trim,
          nicolae_vaults_shelves_hall, vaults_mumra_minichess, v_misc_14,
          nicolae_vaults_stairing_the_circle, v_misc_13,
          nicolae_vaults_little_ls, serial_shops, nicolae_shop_stone
Vaults:5: serial_shops
Crypt:1:  hex_medium
Crypt:2:  uniq_mennas, uniq_jory, uniq_margery
Crypt:3:  grunt_crypt_end_deaths_head
Depths:1: enter_ziggurat_c, ashenzari_altar_1, hellmouth_3, pan_entry,
          nooodl_orcs_dogs, firewood_loft, uniq_mara
Depths:2: lemuel_river_lethe, hell_entry, abyss_entry, serial_shops
Depths:3: grunt_crosshair, pan_entry, hell_entry, infiniplex_staircase_pool_2,
          abyss_entry_crystal, uniq_boris
Depths:4: minmay_broken_ring, minmay_misc_feat_iff,
          grunt_hell_entry_demonic_statue, abyss_entry,
          minmay_staircase_windowed_small, serial_bayou_shore_a
Depths:5: grunt_zot_entry_gee_three, pf_hell_entry_great_geh, uniq_frederick
Zot:1:    st_stairs_7, guppyfry_library_mini
Zot:2:    lemuel_draconian_sentries, amethyst_zot_foddershock
Zot:3:    lemuel_golem_globe
Abyss:5:  hangedman_abyss_monster_moat, nicolae_abyss_rune_star_stuff,
          hangedman_abyss_shoalhut
Lab:      labyrinth_watery, lab_statue, nicolae_lab_dead_end,
          labyrinth_skeletal_remains, nicolae_lab_quarters
Sewer:    sewer_co_15_rooms
Bailey:   bailey_polearm_flooded_kennysheep, bailey

Skill      XL: |  1  2  3  4  5  6  7  8  9 10 11 12 13 14 15 16 17 18 19 20 21 22 23 24 25 26 27 |
---------------+----------------------------------------------------------------------------------+-----
Axes           | 4 5 7 8 9 11 13 15 16 18 20 21 23 24 25 26 27 | 27.0
Fighting       | 6 9 11 14 15 17 18 19 20 21 22 23 24 25 26 27 | 27.0
Armour         | 5 8 10 11 12 14 15 17 18 19 21 22 23 24 25 27 | 27.0
Evocations     | 3 5 14 | 14.9
Dodging        | 8 12 14 15 16 21 | 21.8
Crossbows      | 2 4 7 15 24 | 24.8
Stealth        | 1 5 7 9 10 11 | 11.7

Action                   |  1- 3 |  4- 6 |  7- 9 | 10-12 | 13-15 | 16-18 | 19-21 | 22-24 | 25-27 || total
-------------------------+-------+-------+-------+-------+-------+-------+-------+-------+-------++-------
Melee: Hand axe          |    81 |    91 |   339 |       |       |       |       |       |       ||   511
       Headbutt          |    16 |    17 |    97 |   134 |   167 |   182 |   277 |   272 |   690 ||  1852
       War axe           |       |    36 |   124 |   625 |       |       |       |       |       ||   785
       Executioner's axe |       |       |       |       |   806 |  1014 |  1019 |   858 |  2329 ||  6026
       Battleaxe         |       |       |       |       |       |       |   137 |   164 |       ||   301
 Fire: Triple crossbow   |       |       |       |       |       |       |       |       |     7 ||     7
Throw: Tomahawk          |       |       |       |    16 |       |       |       |       |       ||    16
Invok: Berserk           |     2 |     1 |     9 |     6 |     7 |     8 |    12 |    16 |    20 ||    81
       Brothers in Arms  |       |       |     1 |     4 |    11 |    18 |     8 |    15 |    11 ||    68
       Trog's Hand       |       |       |       |     4 |     8 |    35 |    31 |    18 |    50 ||   146
       Burn Spellbooks   |       |       |       |     1 |     2 |     5 |     3 |     4 |    13 ||    28
Evoke: Wand              |       |       |       |     8 |     1 |     9 |       |    10 |    13 ||    41
       Phial of floods   |       |       |       |       |     2 |       |       |       |       ||     2
       Box of beasts     |       |       |       |       |       |       |       |       |     2 ||     2
       Lamp of fire      |       |       |       |       |       |       |       |       |     1 ||     1
  Use: Scroll            |     6 |     2 |     9 |    10 |    18 |    19 |     9 |    16 |    48 ||   137
       Potion            |       |       |       |     3 |     2 |     2 |     2 |     2 |     9 ||    20
 Stab: Paralysed         |       |       |       |     2 |       |       |       |       |       ||     2
       Sleeping          |       |       |       |     3 |     5 |       |       |       |       ||     8
       Distracted        |       |       |       |       |     3 |     3 |     1 |     1 |     4 ||    12
  Eat: Chunk             |     2 |     6 |    13 |    19 |    14 |     6 |    16 |    16 |    17 ||   109
       Royal jelly       |       |     1 |       |     2 |     7 |     3 |     3 |     3 |     5 ||    24
       Fruit             |       |       |     3 |     5 |    20 |    17 |       |     6 |     7 ||    58
       Bread ration      |       |       |     1 |     1 |     3 |     6 |     5 |     1 |     4 ||    21
       Meat ration       |       |       |     1 |       |       |     4 |     3 |     4 |    12 ||    24
Armor: Chain mail        |    15 |    55 |   161 |       |   309 |   209 |       |       |       ||   749
       Robe              |     5 |       |       |       |       |       |       |       |       ||     5
       Plate armour      |       |       |    10 |   267 |    84 |       |       |       |       ||   361
       Shadow dragon sca |       |       |       |    66 |   103 |       |       |       |       ||   169
       Skin              |       |       |       |    45 |       |       |       |       |       ||    45
       Crystal plate arm |       |       |       |       |       |   783 |   660 |   737 |  1586 ||  3766
Dodge: Dodged            |    39 |    51 |   119 |   186 |   340 |   374 |   471 |   638 |  1586 ||  3804
